 Dungeon Crawl Stone Soup version 0.29-a0-364-g921d912d32 (webtiles) character file.

Game seed: 9870489940491934258

664 jlumianski the Chopper (level 7, -1/54 HPs)
             Began as a Demonspawn Fighter on May 1, 2022.
             Was an Initiate of Qazlal.
             Slain by an ice beast (10 damage)
             ... on level 6 of the Dungeon.
             The game lasted 00:14:13 (4621 turns).

jlumianski the Chopper (Demonspawn Fighter)         Turns: 4621, Time: 00:14:14

Health: -1/54      AC: 18    Str: 18    XL:     7   Next: 31%
Magic:  7/7        EV:  9    Int: 10    God:    Qazlal [......]
Gold:   268        SH:  4    Dex: 12    Spells: 6/6 levels left

rFire   + . .      SeeInvis .   a - +0 war axe
rCold   . . .      Faith    .   c - +0 buckler
rNeg    . . .      Spirit   .   b - +0 scale mail
rPois   .          Reflect  .   E - +0 helmet
rElec   .          Harm     .   y - +0 cloak
rCorr   .          Rampage  .   D - +0 pair of gloves
Will    +....                   (no boots)
Stlth   ..........              F - amulet of the acrobat
HPRegen 0.18/turn               l - ring of willpower
MPRegen 0.10/turn               C - +4 ring of protection

@: no status effects
A: claws 1, molten scales 3, powered by pain 1
a: Renounce Religion


You were on level 6 of the Dungeon.
You worshipped Qazlal.
Qazlal was noncommittal.
You visited 2 branches of the dungeon, and saw 7 of its levels.

You collected 268 gold pieces.

Inventory:

Hand Weapons
 a - a +0 war axe (weapon)
 j - a +3 spear
Missiles
 n - 91 stones
 w - 10 boomerangs (quivered)
 x - 2 poisoned darts
 J - 5 javelins
Armour
 b - a +0 scale mail (worn)
 c - a +0 buckler (worn)
 y - a +0 cloak (worn)
 D - a +0 pair of gloves (worn)
 E - a +0 helmet (worn)
Magical Staves
 g - a staff of fire
 H - a staff of conjuration
Jewellery
 l - a ring of willpower (left hand)
 m - a ring of wizardry
 z - a ring of wizardry
 A - a ring of protection from fire
 C - a +4 ring of protection (right hand)
 F - an amulet of the acrobat (around neck)
 I - a ring of protection from fire
Scrolls
 h - 4 scrolls of teleportation
 i - a scroll of silence
 r - a scroll of enchant weapon
 v - a scroll of amnesia
Potions
 d - a potion of might
 f - a potion of curing
 k - a potion of berserk rage
 o - 2 potions of attraction
 p - a potion of haste
 q - 2 potions of lignification
 s - a potion of flight
 u - a potion of degeneration


   Skills:
 + Level 4.3 Fighting
 + Level 5.6 Axes
 + Level 3.9 Armour
 + Level 1.3 Dodging
 + Level 0.3 Stealth
 + Level 3.3 Shields


You had 6 spell levels left.
You didn't know any spells.
Your spell library contained the following spells:

 Spells                   Type           Power      Damage    Failure   Level
 Shock                    Conj/Air       0%         1d3       83%         1
 Swiftness                Air            0%         N/A       99%         3
 Airstrike                Air            0%         N/A       100%        4
 Fireball                 Conj/Fire      0%         3d3       100%        5
 Starburst                Conj/Fire      0%         6d3       100%        6
 Ignition                 Fire           0%         3d3       100%        8


Dungeon Overview and Level Annotations

Branches:
Dungeon (6/15)             Temple (1/1) D:4

Altars:
Dithmenos
Elyvilon
Fedhas
Qazlal
Uskayaw


Innate Abilities, Weirdness & Mutations

You have sharp fingernails.
You are completely covered in molten scales. (AC +4, rF+)
You sometimes gain a little power by taking damage.


Message History

The ice beast hits you but does no damage.
You slash the bullfrog!
The bullfrog is severely wounded.
You closely miss the ice beast. You hit the gnoll.
The bullfrog hits you but does no damage.
The gnoll closely misses you.
The ice beast hits you but does no damage.
You block the bullfrog's attack.
You miss the bullfrog.
The bullfrog is severely wounded.
You hit the gnoll. You hit the ice beast but do no damage.
The bullfrog hits you.
* * * LOW HITPOINT WARNING * * *
You block the gnoll's attack.
The ice beast hits you but does no damage.
The bullfrog barely misses you.
You slash the bullfrog!
You kill the bullfrog!
Qazlal accepts your kill.
You hit the ice beast. You completely miss the gnoll.
You block the ice beast's attack.
The gnoll hits you but does no damage. x2
The ice beast hits you but does no damage.
The ice beast attacks as you move away! The ice beast barely misses you.
The gnoll completely misses you.
You see here a bullfrog corpse.
You hit the ice beast.
The ice beast is lightly wounded.
You barely miss the gnoll. The ice beast barely misses you.
The gnoll hits you but does no damage.
You slash the ice beast!
The ice beast is heavily wounded.
You hit the gnoll. The ice beast barely misses you.
The gnoll hits you with a +0 whip.
* * * LOW HITPOINT WARNING * * *
You hit the ice beast.
The ice beast is heavily wounded.
You completely miss the gnoll. The ice beast hits you.
* * * LOW HITPOINT WARNING * * *
The ice beast freezes you!
You die...

#..# #..# #..#
.... #..# ....
#..# ..... ##..#
##.....
...###..g##:.....
≈≈.....Y@.....#
..
.≈...####....##
... ... ##.###
.... . #..# #....
###.###.....
..##...........
..............#
....###...##...#
##. #...# ...


You could see an ice beast and a gnoll.

Vanquished Creatures
  2 ice beasts (D:5)
  2 phantoms
  A bullfrog (D:6)
  2 jellies (D:5)
  An orc priest (D:3)
  A hound (D:5)
  An iguana (D:4)
  2 gnolls
  2 adders
  An ufetubus (D:4)
  2 worms
  2 dart slugs
  7 orcs
  3 bats
  4 endoplasms
  4 giant cockroaches
  3 goblins
  8 hobgoblins
  5 kobolds
  A quokka (D:3)
  6 ball pythons
  5 frilled lizards
  7 rats
72 creatures vanquished.

Vanquished Creatures (others)
  6 fungi (D:4)
6 creatures vanquished.

Grand Total: 78 creatures vanquished

Notes
Turn   | Place    | Note
-------+----------+-------------------------------------------
     0 | D:1      | jlumianski the Demonspawn Fighter began the quest for the
                  | Orb.
     0 | D:1      | Reached XP level 1. HP: 18/18 MP: 1/1
   466 | D:1      | Gained mutation: You have sharp fingernails. [demonic
                  | ancestry]
   466 | D:1      | Reached XP level 2. HP: 22/24 MP: 2/2
   964 | D:2      | Reached skill level 2 in Axes
  1019 | D:2      | Gained mutation: You are partially covered in molten
                  | scales. (AC +2) [demonic ancestry]
  1019 | D:2      | Reached XP level 3. HP: 7/29 MP: 3/3
  1336 | D:2      | Noticed a phantom
  1373 | D:1      | Killed a phantom
  1374 | D:1      | Gained mutation: You are mostly covered in molten scales.
                  | (AC +3) [demonic ancestry]
  1374 | D:1      | Reached XP level 4. HP: 8/35 MP: 4/4
  1889 | D:2      | Found a faded altar of an unknown god.
  1945 | D:2      | Reached skill level 3 in Axes
  2468 | D:3      | Found a blossoming altar of Fedhas.
  2610 | D:3      | Gained mutation: You sometimes gain a little power by
                  | taking damage. [demonic ancestry]
  2610 | D:3      | Reached XP level 5. HP: 41/41 MP: 5/5
  2642 | D:3      | Found a stormy altar of Qazlal.
  2652 | D:3      | Became a worshipper of Qazlal Stormbringer
  3077 | D:3      | Found a shadowy altar of Dithmenos.
  3081 | D:3      | Found a hide-covered altar of Uskayaw.
  3141 | D:4      | Noticed a phantom
  3150 | D:4      | Killed a phantom
  3151 | D:4      | Reached skill level 4 in Axes
  3225 | D:4      | Gained mutation: You are completely covered in molten
                  | scales. (AC +4, rF+) [demonic ancestry]
  3225 | D:4      | Reached XP level 6. HP: 36/48 MP: 6/6
  3382 | D:4      | Found a staircase to the Ecumenical Temple.
  3402 | Temple   | Entered the Ecumenical Temple
  4073 | D:5      | Entered Level 5 of the Dungeon
  4255 | D:5      | Reached skill level 1 in Dodging
  4340 | D:5      | Noticed an ice beast
  4351 | D:5      | Killed an ice beast
  4352 | D:5      | Reached skill level 5 in Axes
  4416 | D:5      | Noticed an ice beast
  4441 | D:5      | Killed an ice beast
  4442 | D:5      | Reached XP level 7. HP: 10/54 MP: 7/7
  4621 | D:6      | Slain by an ice beast

Illustrated notes

Levels and vault maps discovered:
D:1:      dpeg_arrival_triangle_fractal, layout_loops_ring, kennysheep_doodads
D:2:      layout_loops_ring, ebering_ecumenical_altar_abandoned, minivault_19,
          chequers_serial_rivers_large_b, minmay_pentomino_t4
D:3:      layout_loops_ring, minmay_overflow_temple_star_quad,
          nicolae_qazlal_eye_of_the_storm, minmay_misc_feat_pillars
D:4:      layout_loops_corners, mainiacjoe_overflow_chevrons,
          minmay_temple_entry_offerings, minmay_fractal_squares_gapless_5
D:5:      kennysheep_spiral_hall, layout_loops_ring, serial_shops, shop
D:6:      layout_layer_cave, mainiacjoe_overflow_brackets, minmay_misc_feat_chi
Temple:   nicolae_temple_figure_eight

Skill      XL: |  1  2  3  4  5  6 |
---------------+-------------------+-----
Axes           | 2 3 4 5 |  5.6
Armour         | 3 |  3.9
Shields        | 3 |  3.3
Dodging        | 1 |  1.3
Fighting       | 4 |  4.3
Stealth        | |  0.3

Action                   |  1- 3 |  4- 6 |  7- 9 || total
-------------------------+-------+-------+-------++-------
Melee: War axe           |    87 |   170 |    16 ||   273
Throw: Boomerang         |       |     1 |       ||     1
  Use: Scroll            |     1 |    10 |     1 ||    12
       Potion            |       |     4 |     1 ||     5
Armor: Scale mail        |    46 |    87 |    13 ||   146
Dodge: Dodged            |    42 |    89 |    25 ||   156
Block: Buckler           |    23 |    35 |     7 ||    65

Table legend: (Time is in decaauts)
 A = Elapsed time spent in this place.
 B = Non-inter-level travel time spent in this place.
 C = Inter-level travel time spent in this place.
 D = Time resting spent in this place.
 E = Time spent auto-exploring this place.
 F = Levels seen in this place.
 G = Mean time per level.
                   A        B        C        D        E       F      G
               +--------+--------+--------+--------+--------+-----+--------+
         Total |   4747 |   4564 |    183 |    754 |   2553 |   7 |  678.1 |
       Dungeon |   4745 |   4562 |    183 |    754 |   2553 |   6 |  790.8 |
        Temple |      1 |      1 |      0 |      0 |      0 |   1 |    1.0 |
               +--------+--------+--------+--------+--------+-----+--------+

Top non-repeatable levels by time:
     D:1: 1482 daAuts
     D:4: 976 daAuts
     D:2: 880 daAuts
     D:3: 838 daAuts
     D:5: 537 daAuts
     D:6: 30 daAuts
  Temple: 1 daAuts
